cohdb
Replays
Latest Replays
All Replays
Popular Replays
Top Player Replays
Match Explorer
How It Works
Community
CoH3 Stats
Reddit
Sign in to upload your games and track your stats! →
Sign in with Steam
Match 45697101
Unlisted
Match 45697101
Overview
Messages
Build Orders
End
Construct Infanterie Kompanie
Kettenkrad Recon Vehicle
Grenadier Squad
Selects Mechanized Battlegroup
MG 42 Machine Gun Team
GrW 34 Mortar Team
Grenadier Squad
Grenadier Squad
Construct Panzergrenadier Kompanie
Panzergrenadier Squad
Selects Raid Package
GrW 34 Mortar Team
Construct Panzer Kompanie
Selects 8 Rad Armored Car
Selects UNKNOWN (2160084)
Medical Station
Sturmpanzer IV Brummbär
Panther Heavy Tank
Grenadier Squad
Panzergrenadier Squad
Panzergrenadier Squad
Sturmpanzer IV Brummbär
Panzergrenadier Squad
Distinguished Lunatic
robwarrior
0
0
Comments
sign in to comment!
No comments posted yet!